[Event "14th BPB Limburg Open 2022"]
[Site "Maastricht"]
[Date "2022.06.04"]
[Round "2.6"]
[White "Ernst, Sipke"]
[Black "Bomans, Arno"]
[Result "1-0"]
[ECO "A57"]
[WhiteElo "2547"]
[BlackElo "2241"]
[Annotator "TA"]
[PlyCount "61"]
[EventDate "2022.06.03"]
[EventType "swiss"]
[EventCountry "NED"]
[SourceTitle "playchess.com"]
[Source "ChessBase"]
[SourceQuality "1"]
[TimeControl "7200+15"]

1. d4 Nf6 2. c4 c5 3. d5 b5 4. cxb5 a6 5. e3 e6 6. dxe6 fxe6 7. Nf3 {[%emt 0:00:05] A57: Benko/Volga Gambit.} d5 {[%emt 0:00:57] 7...d5 is better than 7...Be7.} 8. Nbd2 Bd6 {[%emt 0:04:04][%mdl 1024] Black has compensation.} 9. b3 {[%emt 0:06:30][%cal Bb2b3,Bb3c4][%mdl 32] Against c4. White has an edge.} O-O 10. Bb2 {[%emt 0:00:35] Prevents e5.} Qa5 {[%emt 0:03:59] [#]} (10... Qe7 $11) 11. a4 $1 $16 {[%emt 0:02:35] White now steadily converts the win.} Ne4 (11... Qc7 $16 {was called for.}) 12. Bd3 $18 c4 (12... Nxd2 {is a better defense.} 13. Nxd2 (13. Qxd2 Qxd2+ 14. Kxd2 Nd7 $16) 13... Nd7) 13. bxc4 Bb4 $2 {[%emt 0:02:34] [#]} (13... Nxd2 {was necessary.} 14. Nxd2 (14. Qxd2 $2 Bb4 $19) 14... dxc4) 14. O-O $1 {[%emt 0:02:29] White is clearly winning.} Nxd2 (14... Nf6 15. Nb3) 15. Nxd2 {[%emt 0:00:48][%cal Od1h5] Threatens to win with Qh5!} Bxd2 16. Qh5 h6 {[%emt 0:02:13] [#]} 17. Bxg7 $1 {[%emt 0:00:04][%mdl 512] Intending Qg6 and mate.} Bc3 18. Bxh6 {[%emt 0:05:14] [#] White wants to mate with Qg6+.} Ra7 $146 ({Predecessor:} 18... Rf6 19. Qe8+ {1-0 (19) Navara,D (2716)-Zwardon,V (2399) Pardubice 2014}) 19. Qg6+ Rg7 20. Bxg7 Bxg7 21. cxd5 {[%emt 0:00:21] aiming for Qh7+.} exd5 22. Rac1 {[%emt 0:00:10][%cal Oc1c8] Rxc8! is the strong threat.} Bd7 23. Qh7+ Kf7 24. bxa6 Qb6 25. Rb1 Qd6 26. Rb7 Rh8 27. Qxh8 Bxh8 28. a7 Nc6 29. a8=Q Bf6 {[%emt 0:02:04] [#]} 30. Rxd7+ $1 Qxd7 31. Bb5 {[%emt 0:00:05] Weighted Error Value: White=0.08 (flawless) /Black=0.76} 1-0

[Event "14th BPB Limburg Open 2022"]
[Site "Maastricht"]
[Date "2022.06.04"]
[Round "2.7"]
[White "Zwirs, Nico"]
[Black "Noiroux, Kevin"]
[Result "1-0"]
[ECO "B01"]
[WhiteElo "2468"]
[BlackElo "2215"]
[Annotator "TA"]
[PlyCount "69"]
[EventDate "2022.06.03"]
[EventType "swiss"]
[EventCountry "NED"]
[SourceTitle "playchess.com"]
[Source "ChessBase"]
[SourceQuality "1"]
[TimeControl "7200+15"]

1. e4 d5 2. exd5 Qxd5 3. Nc3 Qa5 4. d4 Nf6 5. Nf3 Bf5 6. Ne5 c6 7. h4 {[%emt 0:00:08] B01: Scandinavian Defence.} Nbd7 8. Nc4 {[%emt 0:00:43] [#]} Qd8 $146 ({Predecessor:} 8... Qc7 9. Ne3 e6 10. g4 Be4 11. Nxe4 Nxe4 12. Qd3 Qf4 13. Nd1 Qxg4 14. Bh3 Qxh4 {1-0 (41) Warmerdam,M (2535)-Karagiannis,T (1760) Aghios Kirykos 2021}) 9. Bg5 {[%emt 0:09:23] White has an edge.} g6 10. Bd3 Bxd3 11. Qxd3 Bg7 12. O-O-O {[%emt 0:00:58][%cal Oh4h5] And now h5! would win.} b5 13. Nd2 (13. Ne5 Nxe5 14. dxe5 Qxd3 15. Rxd3 Ng4 $15) (13. Ne3 $14 {was preferrable.}) 13... h6 $11 14. Bf4 b4 15. Nce4 Nd5 16. Bh2 f5 ({Better is} 16... Qa5 $11) 17. Ng3 {[%emt 0:06:56] Black must now prevent h5.} h5 18. Ne2 O-O 19. Nf4 Nxf4 20. Bxf4 e5 $2 {[%emt 0:01:11] Black cannot hold the game after this.} (20... Nb6 $14) 21. Qc4+ Kh7 22. dxe5 {[%emt 0:00:13] [#] Nf3 is the strong threat.} Bxe5 (22... Nb6 $16 23. Qb3 (23. Qxb4 Nd5 $16) (23. Qxc6 Qd4 $16) 23... Nd5) 23. Nf3 $18 (23. Qxb4 c5 24. Nf3 cxb4 $17) 23... Nb6 24. Qxb4 (24. Rxd8 $6 Nxc4 25. Rd7+ (25. Nxe5 Rfxd8 26. Nxc6 Rd7 $11) 25... Bg7 $16) 24... Nd5 $2 (24... c5 25. Rxd8 cxb4 26. Ng5+ Kh6 27. Nf7+ (27. Bxe5 Raxd8 28. Ne6 Rg8 $18) 27... Kh7 28. Ng5+ (28. Bxe5 Rfxd8 29. Nxd8 Rxd8 $18) 28... Kh6 29. Nf7+ (29. Bxe5 Raxd8 30. Ne6 Rg8 $16) 29... Kh7 30. Ng5+ (30. Bxe5 Rfxd8 31. Nxd8 Rxd8 $18)) 25. Qb7+ {[%emt 0:00:44] White is clearly winning.} Bg7 26. Be5 {[%emt 0:00:09][%csl Ge5][%cal Rb7g7] [#]} Qe7 27. Qxe7 Nxe7 28. Ng5+ Kg8 29. Bxg7 Kxg7 30. Ne6+ Kf7 31. Nxf8 Kxf8 32. Rhe1 a5 33. Rd6 Re8 34. Rf6+ Kg7 35. Rxc6 {[%emt 0:00:06] Weighted Error Value: White=0.13 (very precise) /Black=0.51} 1-0

[Event "14th BPB Limburg Open 2022"]
[Site "Maastricht"]
[Date "2022.06.04"]
[Round "2.8"]
[White "De Rover, Yong Hoon"]
[Black "Rebers, Eugene"]
[Result "1/2-1/2"]
[ECO "B35"]
[WhiteElo "2365"]
[BlackElo "2194"]
[Annotator "TA"]
[PlyCount "59"]
[EventDate "2022.06.03"]
[EventType "swiss"]
[EventCountry "NED"]
[SourceTitle "playchess.com"]
[Source "ChessBase"]
[SourceQuality "1"]
[TimeControl "7200+15"]

1. e4 c5 2. Nf3 g6 3. d4 cxd4 4. Nxd4 Bg7 5. Nc3 Nc6 6. Be3 Nf6 7. Bc4 O-O 8. Bb3 d5 9. exd5 {[%emt 0:09:44] B35: Sicilian: Accelerated Dragon with 5 Nc3: main line.} Na5 10. h3 (10. Qd2 $14) 10... Nxb3 $11 11. Nxb3 b6 12. Qd2 Bb7 13. O-O-O Qd7 {[%emt 0:05:37] [#]} 14. Bd4 $146 ({Predecessor:} 14. Bh6 Rfd8 15. Bxg7 Kxg7 16. Qd4 Bxd5 17. Nxd5 Qxd5 18. Qxd5 Rxd5 19. Rxd5 Nxd5 20. g3 {0-1 (58) Jakubowski,K (2471)-Shyam,N (2442) Chess.com INT 2021}) 14... Rfd8 15. Kb1 Nxd5 16. Bxg7 Kxg7 17. Nxd5 Bxd5 18. Qe3 Qc7 19. Nd4 Rac8 {[%emt 0:26:22] Strongly threatening ...e5.} 20. f4 {[%emt 0:00:55] Against e5} Qb7 (20... Bxg2 $17 21. Rhg1 Bd5) 21. Rhe1 $14 Bxg2 22. h4 {[%emt 0:01:29] And now h5 would win.} (22. f5 $5 ) 22... Qd5 23. f5 {[%emt 0:05:05][%cal Od4e6] [#] Ne6+! is the strong threat.} (23. Qxe7 Re8 24. Qxe8 Rxe8 25. Rxe8 Qh5 $15) 23... Kh8 ({Black should try} 23... Qc5 $14) 24. h5 (24. Qxe7 $16 {Black must now prevent h5.} Rd7 25. Qf6+ Kg8 26. Rd2) 24... gxf5 $11 {[%emt 0:04:17] Hoping for ...Be4. The position is equal.} (24... Rc4 $5 25. c3 gxf5 $11) 25. Qxe7 Qd6 {[%emt 0:00:44] Inhibits Qf6+.} 26. Qe2 ({Much worse is} 26. Qxa7 Be4 27. a3 Rc4 28. Rxe4 fxe4 $19) 26... Qd5 27. Qe7 {[%emt 0:07:54] [#] Intending Qf6+ and mate.} Qd6 {[%emt 0:00:05] Against Qf6+} 28. Qe2 ({Don't play} 28. Qxa7 Be4 29. a3 Rc4 30. Rxe4 fxe4 $19) 28... Qd5 29. Qe7 {[%emt 0:01:14] White wants to mate with Qf6+.} Qd6 {[%emt 0:00:05] Against Qf6+} 30. Qe2 {[%emt 0:03:31] Weighted Error Value: White=0.19 (very precise) /Black=0.20 (precise)} ({But not} 30. Qxa7 Be4 31. a3 Rc4 32. Rxe4 fxe4 $19) 1/2-1/2

[Event "14th BPB Limburg Open 2022"]
[Site "Maastricht"]
[Date "2022.06.04"]
[Round "2.9"]
[White "Lenaerts, Lennert"]
[Black "Jansen, Bob"]
[Result "1/2-1/2"]
[ECO "C18"]
[WhiteElo "2362"]
[BlackElo "2174"]
[Annotator "TA"]
[PlyCount "65"]
[EventDate "2022.06.03"]
[EventType "swiss"]
[EventCountry "NED"]
[SourceTitle "playchess.com"]
[Source "ChessBase"]
[SourceQuality "1"]
[TimeControl "7200+15"]

1. e4 e6 2. d4 d5 3. Nc3 Bb4 4. e5 c5 5. a3 Ba5 6. b4 cxd4 7. Nb5 Bc7 8. f4 Bd7 9. Nxc7+ Qxc7 10. Nf3 {[%emt 0:00:28] C18: French: 3 Nc3 Bb4: Main line: 7 h4 and 7 Qg4.} Ba4 11. Bd3 Ne7 {[%emt 0:00:42] 11...Nc6 is the fancy move.} 12. O-O a6 13. Nxd4 Nbc6 14. Nb3 {[%emt 0:00:16] [#]} O-O $146 ({Predecessor:} 14... Bb5 15. Bxb5 Qb6+ 16. Nc5 Qxb5 17. c4 Qxc4 18. Nxb7 O-O 19. Bb2 Nxb4 20. Rc1 Nd3 21. Rxc4 Nxb2 {½-½ (28) Schroeder,C (2258)-Perevozchikov,V (2187) FICGS email 2020}) 15. Be3 Bxb3 16. cxb3 d4 17. Bd2 Qb6 18. Qe2 Nf5 19. Rf3 Rfd8 ({Black should try} 19... g6 $14) 20. Rh3 $1 $16 g6 {[%emt 0:01:44] [#]} (20... h6 $16 {was necessary.}) 21. g4 $1 $18 Ne3 {[%emt 0:02:54] [#]} 22. Bxe3 $2 (22. Qf2 $1 $18 ) 22... dxe3 $11 23. Qxe3 Qxe3+ 24. Rxe3 g5 25. fxg5 {[%emt 0:00:30] White is more active.} Nxe5 26. Bxh7+ ({But not} 26. Rxe5 $6 Rxd3 27. Rae1 Rxb3 $11) 26... Kxh7 27. Rxe5 $16 {[%emt 0:00:07][%mdl 4096] Endgame Threatens to win with Rf1. KRR-KRR} Rd4 28. h3 Rd3 $1 29. Rf1 Kg7 30. h4 {[%emt 0:05:35] aiming for Rc5.} Rad8 31. Re2 ({Better is} 31. h5 $14) 31... R8d4 $11 32. Rg2 Rxb3 33. h5 {[%emt 0:00:23] Weighted Error Value: White=0.15 (very precise) /Black=0.17 (very precise)} 1/2-1/2

[Event "14th BPB Limburg Open 2022"]
[Site "Maastricht"]
[Date "2022.06.04"]
[Round "2.10"]
[White "Freeke, Matthieu"]
[Black "Bruil, Rembrandt"]
[Result "1/2-1/2"]
[ECO "D00"]
[WhiteElo "2347"]
[BlackElo "2122"]
[Annotator "TA"]
[PlyCount "76"]
[EventDate "2022.06.03"]
[EventType "swiss"]
[EventCountry "NED"]
[SourceTitle "playchess.com"]
[Source "ChessBase"]
[SourceQuality "1"]
[TimeControl "7200+15"]

1. d4 d5 2. Nc3 Nf6 3. Bf4 e6 4. Nb5 Na6 5. e3 c6 6. Nc3 {[%emt 0:00:05] D00: 1 d4 d5: Unusual lines.} Bb4 7. Bxa6 bxa6 8. Nge2 {[%emt 0:00:06] The position is equal.} O-O 9. a3 Be7 10. Na4 {[%emt 0:04:36] [#]} Nd7 $146 ({Predecessor:} 10... Nh5 11. O-O a5 12. Qd2 Ba6 13. Rfe1 Re8 14. h3 Nxf4 15. exf4 Bb5 16. Nc5 Qb6 17. b4 axb4 18. axb4 a6 19. Nc1 Bc4 20. N1d3 Bxd3 21. cxd3 Reb8 {½-½ (21) Pilgram,K (1992)-Herzog,M (1885) LSS email 2017}) 11. O-O a5 12. c4 dxc4 13. Qc2 Ba6 14. Rfd1 Qc8 15. Nec3 Rd8 16. Rac1 Qb7 17. Ne4 Qb5 (17... Bb5 $11 {remains equal.}) 18. Bd6 Bxd6 19. Nxd6 Qd5 20. Nxc4 {[%emt 0:03:29] White is more active. Pair of Knights!} Rac8 21. b3 Rb8 22. e4 Qb5 23. Rb1 Nb6 24. Ne5 {[%emt 0:15:40] [#] Strongly threatening Nc3.} Nxa4 25. bxa4 Qe2 26. Qxe2 Bxe2 27. Nxc6 Bxd1 28. Rxb8 Rxb8 29. Nxb8 Bxa4 $16 {[%emt 0:00:04][%mdl 4096] Endgame KB-KN} 30. Na6 $1 Kf8 31. Nc5 Bb5 32. f4 Ke7 33. Kf2 Kd6 ({Better is} 33... h5) 34. Nb7+ Kc7 35. Nxa5 Kb6 36. Nb3 {[%emt 0:00:01] White is clearly better.} Bc6 37. Ke3 Kb5 38. Nc5 Kc4 {[%emt 0:00:26] Weighted Error Value: White=0.06 (flawless) /Black=0.14 (very precise)} 1/2-1/2

[Event "14th BPB Limburg Open 2022"]
[Site "Maastricht"]
[Date "2022.06.04"]
[Round "2.11"]
[White "Kucharska, Honorata"]
[Black "Kopylov, Daniel"]
[Result "0-1"]
[ECO "B51"]
[WhiteElo "2181"]
[BlackElo "2292"]
[Annotator "TA"]
[PlyCount "120"]
[EventDate "2022.06.03"]
[EventType "swiss"]
[EventCountry "NED"]
[SourceTitle "playchess.com"]
[Source "ChessBase"]
[SourceQuality "1"]
[TimeControl "7200+15"]

1. e4 c5 2. Nf3 Nc6 3. Bb5 d6 4. O-O Bd7 5. Re1 Nf6 6. c3 a6 7. Bf1 Bg4 8. h3 Bxf3 9. Qxf3 e6 {[%emt 0:00:13] B51: Sicilian: Moscow Variation (3 Bb5+) without 3...Bd7.} 10. d3 Be7 11. Be3 d5 {[%emt 0:16:26] The position is equal.} 12. Bf4 O-O 13. Nd2 Rc8 {[%emt 0:06:19] [#]} 14. Qe2 $146 ({Predecessor:} 14. a4 Qb6 15. Rab1 Rfd8 16. exd5 Nxd5 17. Nc4 Qa7 18. Bg3 b5 19. axb5 axb5 20. Ra1 {0-1 (31) Bacrot,E (2674)-Sjugirov,S (2675) Chess.com INT 2020}) 14... b5 15. Nf3 d4 16. Red1 Nd7 17. e5 dxc3 18. bxc3 Nb6 19. Rac1 b4 20. cxb4 Nd5 21. Bd2 Ncxb4 22. a3 Nc6 23. Qe4 Qb6 24. Rb1 Qa7 25. Qg4 Rfd8 26. Rbc1 Nd4 27. Rc4 Qb8 28. Ba5 Rd7 (28... f5 $11 29. Qg3 (29. exf6 Nxf6 30. Qg5 Nd5 $11) 29... Rd7) 29. Nxd4 $14 cxd4 30. Qxd4 Bxa3 31. Rxc8+ Qxc8 32. Qa4 Bf8 33. d4 Ra7 34. Bc4 Qb7 35. Bf1 {[%emt 0:03:13] A strong pair of Bishops.} Ra8 36. Rc1 h6 37. Qc4 Be7 38. Ra1 Qb2 39. Ra2 Qb1 40. Qc2 Qxc2 41. Rxc2 Bb4 42. Ra2 Nc3 43. Ra1 Bxa5 44. Rxa5 $11 {[%emt 0:00:05][%mdl 4096] Endgame KRB-KRN} Rd8 45. Ra3 Nb5 46. Rxa6 Nxd4 47. f4 g5 48. fxg5 hxg5 49. Kf2 (49. Ra3 $11) 49... Nf5 $1 $17 50. g4 Nh4 51. Ke3 Rd5 52. Ke4 Ng6 53. Bc4 Rxe5+ 54. Kd4 Kg7 55. Ra7 {[%emt 0:00:19] [#]} (55. Ra1 $17) 55... Re1 $1 $19 56. Bb5 Kf6 57. Be8 {[%emt 0:00:45][%csl Ge8][%cal Ra7f7] [#]} Ne5 58. Rb7 (58. Ra2 $142) 58... Rh1 (58... Rd1+ $142 59. Ke4 Rf1) 59. Rb2 $2 (59. Rb3 {was the crucial defense.}) 59... Rxh3 60. Rf2+ Rf3 {[%emt 0:00:02] Weighted Error Value: White=0.22 (precise) /Black=0.08 (flawless)} 0-1

[Event "14th BPB Limburg Open 2022"]
[Site "Maastricht"]
[Date "2022.06.04"]
[Round "2.12"]
[White "Fischer, Daniel"]
[Black "De Jong, Tom"]
[Result "1-0"]
[ECO "B12"]
[WhiteElo "2367"]
[BlackElo "2174"]
[Annotator "TA"]
[PlyCount "103"]
[EventDate "2022.06.03"]
[EventType "swiss"]
[EventCountry "NED"]
[SourceTitle "playchess.com"]
[Source "ChessBase"]
[SourceQuality "1"]
[TimeControl "7200+15"]

1. e4 c6 2. d4 d5 3. e5 c5 4. dxc5 e6 5. a3 Nc6 6. Nf3 {[%emt 0:00:17] B12: Caro-Kann: Advance Variation.} Bxc5 7. b4 {[%emt 0:00:42] Inhibits Qa5.} Bb6 8. Bb2 {[%emt 0:00:18] White has an edge.} Nge7 9. Nbd2 O-O 10. Bd3 {[%emt 0:02:18][%cal Od3h7] Black must now prevent Bxh7+!} Ng6 11. b5 Na5 12. g3 {[%emt 0:00:36] [#]} f5 $146 ({Predecessor:} 12... Bc5 13. Qe2 b6 14. h4 Qc7 15. h5 Ne7 16. Rh3 Bb7 17. O-O-O h6 18. g4 Nc4 19. Nxc4 dxc4 20. Bxc4 {½-½ (29) Hengl,C (2427)-Mercadal Benejam,J (2403) ICCF email 2019}) 13. h4 Bd7 14. h5 Nh8 15. Nd4 (15. a4 $11 {keeps the balance.}) 15... Nf7 16. f4 Nh6 17. Qe2 Rc8 18. a4 Ng4 19. Rh4 Kh8 (19... Qe7 $17 {Hoping for ...Qb4.} 20. Rxg4 fxg4) 20. Rxg4 $15 fxg4 21. Qxg4 Nc4 22. Bxc4 ({Wrong is} 22. Nxe6 $2 Bxe6 23. Qxe6 Nxb2 $19) 22... dxc4 23. N2f3 c3 (23... a6 $15) 24. Ba3 $11 Bc5 25. Bxc5 $40 {[%emt 0:01:16][%mdl 128] White attacks.} Rxc5 26. Kf2 ({But not} 26. Nxe6 Qe7 27. f5 Bxe6 28. fxe6 Qc7 $17) 26... Rd5 27. h6 gxh6 28. Qh5 Bc8 (28... Rg8 $5 29. Qxh6 Rg6 $11) 29. Rd1 Qe7 {[%emt 0:01:32] Black is now going downhill.} (29... Rf6 $11) 30. Qxh6 $16 Rfd8 31. Rd3 a6 (31... Rg8 {was worth a try.} 32. Rxc3 Rdd8) 32. Rxc3 $18 axb5 33. axb5 Bd7 $2 (33... Rg8 34. Qf6+ Qxf6 35. exf6 Rf8) 34. Rc7 Rc8 35. Rxb7 Qc5 36. Qf6+ Kg8 {[%emt 0:00:02] [#]} 37. Rxd7 $1 Rxd7 38. Qxe6+ Rf7 39. Kg2 {[%emt 0:00:25] Ng5 is the strong threat. Really sharp!} Rd8 $2 (39... Qc4 40. Qd6 Qc5) 40. Ng5 {[%emt 0:04:29] Pair of Knights!} Qd5+ 41. Qxd5 Rxd5 42. Nxf7 Rxd4 {[%emt 0:00:28][%mdl 4096] Endgame KR-KN} 43. Nd6 {[%emt 0:00:05] [#] Intending c4 and mate.} Rd2+ 44. Kf3 {[%emt 0:00:01] White mates.} Rxc2 45. b6 Rb2 46. b7 Rb4 47. f5 Kg7 48. f6+ Kg6 49. Ke3 h5 50. Kd3 Rb1 51. Kc4 Rb2 52. Nb5 {[%emt 0:00:23] Weighted Error Value: White=0.24 (precise) /Black=0.35} 1-0

[Event "14th BPB Limburg Open 2022"]
[Site "Maastricht"]
[Date "2022.06.04"]
[Round "2.13"]
[White "Van Cappellen, Jonas"]
[Black "Sankalp Gupta"]
[Result "0-1"]
[ECO "C02"]
[WhiteElo "2208"]
[BlackElo "2505"]
[Annotator "TA"]
[PlyCount "56"]
[EventDate "2022.06.03"]
[EventType "swiss"]
[EventCountry "NED"]
[SourceTitle "playchess.com"]
[Source "ChessBase"]
[SourceQuality "1"]
[TimeControl "7200+15"]

1. e4 e6 2. d4 d5 3. e5 c5 4. c3 Nc6 5. Nf3 Bd7 6. Be2 Nge7 7. Na3 Ng6 8. Nc2 {[%emt 0:01:37] C02: French: Advance Variation.} f6 9. Bd3 f5 {[%emt 0:03:32] [#]} (9... fxe5 $11 10. Bxg6+ hxg6 11. dxe5 Qc7) 10. h4 $146 {[%emt 0:01:13] aiming for h5. White is slightly better.} ({Predecessor:} 10. b3 cxd4 11. cxd4 Be7 12. Bd2 O-O 13. h4 Nh8 14. g4 fxg4 15. Ng5 Bxg5 16. Bxg5 {½-½ (69) Brewer,C (1815)-Dean,R (1835) England 2014}) 10... c4 {[%emt 0:05:33] [#]} ({Black should try} 10... Be7 $14) 11. Be2 (11. Bf1 $1 $16) 11... Be7 12. g3 O-O 13. Ne3 b5 14. Ng2 b4 15. h5 Nh8 16. Nf4 bxc3 17. bxc3 Rb8 18. Rg1 Nf7 19. g4 ({Better is} 19. Kf1 $11) 19... fxg4 $15 20. Nh2 {[%emt 0:03:16][%mdl 8192] Now White is beyond hope.} (20. Rxg4 $17 {was the only defense.} Nh6 21. Rg2) 20... Qa5 $19 21. Bd2 {[%emt 0:01:52] [#]} Nxd4 $1 22. cxd4 c3 23. Bd3 $2 (23. Bxc3 Qxc3+ 24. Kf1) 23... cxd2+ {[%emt 0:00:00] Black is clearly winning.} 24. Kf1 Ng5 25. Qxg4 Qc3 {[%emt 0:00:00][%csl LRa1,LRd4] Threatens to win with ...Rxf4.} 26. Ke2 Qxd4 27. Nf3 d1=Q+ 28. Raxd1 Rb2+ {[%emt 0:00:00] Weighted Error Value: White=0.72/Black=0.15 (very precise)} 0-1

[Event "14th BPB Limburg Open 2022"]
[Site "Maastricht"]
[Date "2022.06.04"]
[Round "2.14"]
[White "Dorst, Johannes"]
[Black "Braun, Christian"]
[Result "0-1"]
[ECO "C11"]
[WhiteElo "2227"]
[BlackElo "2426"]
[Annotator "TA"]
[PlyCount "96"]
[EventDate "2022.06.03"]
[EventType "swiss"]
[EventCountry "NED"]
[SourceTitle "playchess.com"]
[Source "ChessBase"]
[SourceQuality "1"]
[TimeControl "7200+15"]

1. e4 e6 2. d4 d5 3. Nc3 Nf6 4. e5 Nfd7 5. f4 c5 6. Nf3 Nc6 7. Be3 a6 8. Qd2 Be7 9. dxc5 Nxc5 {[%emt 0:00:29] C11: French: Classical System: 4 e5 and 4 Bg5 dxe4.} 10. O-O-O Qa5 11. Kb1 b5 {[%emt 0:00:07] The position is equal.} 12. Ne2 {[%emt 0:01:25] [#] Strongly threatening Qxa5.} Qxd2 13. Rxd2 Bd7 14. Ned4 O-O {[%emt 0:05:48] [#]} (14... Ne4 $142) 15. Nxc6 $146 ({Predecessor:} 15. g4 Ne4 16. Re2 Nxd4 17. Bxd4 b4 18. Re1 Bb5 19. Bg2 Rfc8 20. Be3 a5 21. g5 {1-0 (32) Eliseev,U (2548)-Iskusnyh,S (2482) Khanty-Mansiysk 2015}) 15... Bxc6 16. Bd4 (16. Nd4 $142 Rac8 17. c3) 16... b4 17. g3 a5 18. Bh3 Ne4 19. Rdd1 Bb5 {[%emt 0:00:00] ...Be2 is the strong threat.} 20. Rhe1 {[%emt 0:00:50] Against Be2} a4 21. f5 (21. Nd2 $11 {remains equal.}) 21... Bd7 $17 22. g4 a3 23. b3 Rfc8 {[%emt 0:00:00] Black is more active.} 24. Rg1 (24. f6 $142 Bd8 25. g5) 24... Nc3+ 25. Bxc3 Rxc3 26. Rg3 {[%emt 0:03:41] [#]} Rac8 ({Better is} 26... Re3 $1 27. Rd3 Re2) 27. Nd4 Bg5 28. Rxc3 (28. Bf1 $17 {was necessary.}) 28... Rxc3 $19 29. Rd3 Bf4 30. Nf3 $2 (30. Rxc3 {was worth a try.} bxc3 31. fxe6 Bxe6 32. Nxe6 fxe6 33. Bg2) 30... Kf8 31. fxe6 Bxe6 {[%emt 0:00:00] A strong pair of Bishops.} ({Not} 31... fxe6 32. Rxc3 bxc3 33. Bf1 $17) 32. Rxc3 bxc3 33. Nd4 Bxe5 34. Nxe6+ fxe6 {[%emt 0:00:00][%mdl 4096] Endgame KB-KB} 35. Kc1 Bxh2 36. Bg2 $2 (36. Kd1) 36... Ke7 37. Kd1 Kd6 {[%emt 0:00:00] aiming for ...e5.} 38. Ke2 Ke5 {[%emt 0:00:00] Hoping for ...Kf4.} 39. Ke3 (39. g5 {is tougher.}) 39... Bg1+ 40. Kf3 (40. Kd3 $142 Kf4 41. Bh3) 40... Kd4 41. Bf1 e5 {[%emt 0:00:00][%cal Be6e5,Be5e4][%mdl 32] Threatens to win with ...e4+.} 42. Ba6 $2 (42. Ke2) 42... e4+ 43. Ke2 Ke5 {[%emt 0:00:00] White must now prevent ...Bc5.} 44. Bc8 Bc5 {[%emt 0:00:00] ( -> ...Bb4)} 45. Bd7 d4 (45... Bb4 $142 46. Kd1 d4) 46. Bb5 Bb4 {[%emt 0:00:00] Black mates.} 47. Kd1 Kf4 48. Bd7 g6 {[%emt 0:00:00] Weighted Error Value: White=0.66/Black=0.19 (very precise)} 0-1

[Event "14th BPB Limburg Open 2022"]
[Site "Maastricht"]
[Date "2022.06.05"]
[Round "3.1"]
[White "Warmerdam, Max"]
[Black "Ernst, Sipke"]
[Result "1/2-1/2"]
[WhiteElo "2614"]
[BlackElo "2547"]
[Annotator "TA"]
[PlyCount "28"]
[EventDate "2022.06.03"]
[EventType "swiss"]
[EventCountry "NED"]
[SourceTitle "playchess.com"]
[Source "ChessBase"]
[SourceQuality "1"]
[TimeControl "7200+15"]

1. c4 g6 2. e4 Bg7 3. d4 e6 4. Nc3 Ne7 5. h4 h5 (5... d5 $1 $11 {remains equal.}) 6. Bg5 $16 {[%emt 0:02:16] White is better. A40: Unusual replies to 1 d4.} d6 7. Nf3 {[%emt 0:13:50] White is more active.} Nd7 8. Be2 {[%emt 0:00:53] [#]} {Predecessor:} b6 $146 9. Qd2 Bb7 10. O-O-O c6 11. Kb1 f6 12. Bf4 e5 13. dxe5 dxe5 14. Be3 Qc7 {1-0 (31) Nyback,T (2586)-Baskin,R Puhajarve 2013} 1/2-1/2

[Event "14th BPB Limburg Open 2022"]
[Site "Maastricht"]
[Date "2022.06.05"]
[Round "3.2"]
[White "Gurevich, Mikhail"]
[Black "Zwirs, Nico"]
[Result "1-0"]
[ECO "D45"]
[WhiteElo "2573"]
[BlackElo "2468"]
[Annotator "TA"]
[PlyCount "43"]
[EventDate "2022.06.03"]
[EventType "swiss"]
[EventCountry "NED"]
[SourceTitle "playchess.com"]
[Source "ChessBase"]
[SourceQuality "1"]
[TimeControl "7200+15"]

1. c4 e6 2. Nf3 d5 3. d4 Nf6 4. Nc3 c6 5. e3 Nbd7 6. Qc2 Bd6 7. b3 O-O 8. Be2 b6 9. cxd5 $5 {[%emt 0:02:13][%mdl 4] A promising side line. D45: Semi-Slav: 5 e3.} exd5 10. O-O Re8 11. Bb2 Bb7 12. Rac1 Qe7 13. Rfd1 Rad8 14. Bf1 {[%emt 0:06:35][%mdl 32768] [#] A rather calm draw.  Weighted Error Value: White=0.06 (flawless) /Black=0.07 (flawless) . Loss on time!?} {Predecessor:} g6 $146 15. g3 Nh5 16. Bg2 f5 17. Ne2 Nhf6 18. Nf4 Ne4 19. Nd3 c5 20. Nfe5 Nxe5 21. Nxe5 cxd4 22. exd4 {½-½ (57) Maiorov,N (2530)-Galkin,A (2608) Playchess.com INT 2007} 1-0

[Event "14th BPB Limburg Open 2022"]
[Site "Maastricht"]
[Date "2022.06.04"]
[Round "3.3"]
[White "Van Foreest, Lucas"]
[Black "Fischer, Daniel"]
[Result "1-0"]
[ECO "E08"]
[WhiteElo "2572"]
[BlackElo "2367"]
[Annotator "TA"]
[PlyCount "49"]
[EventDate "2022.06.03"]
[EventType "swiss"]
[EventCountry "NED"]
[SourceTitle "playchess.com"]
[Source "ChessBase"]
[SourceQuality "1"]
[TimeControl "7200+15"]

1. d4 Nf6 2. c4 e6 3. Nf3 d5 4. g3 Bb4+ 5. Bd2 Be7 6. Bg2 O-O 7. O-O c6 8. Qc2 Nbd7 {[%emt 0:00:05] seems to push 8...b6 aside.} 9. Bf4 b6 10. Rd1 Ba6 {[%emt 0:00:37] E08: Closed Catalan: Main Line: 7 Qc2.} 11. cxd5 cxd5 12. Ne5 Nxe5 13. dxe5 Ng4 {[%emt 0:00:29] [#] White must now prevent ...Bc5.} 14. Bf3 (14. h3 $5 g5 15. hxg4 gxf4 16. gxf4 $14) 14... f5 {[%emt 0:01:04] The position is equal.} 15. exf6 Nxf6 16. Qa4 $1 Bb7 17. Nd2 {[%emt 0:00:05][%mdl 32768] [#] An even fight not without its subleties.  Weighted Error Value: White=0.03 (flawless) /Black=0.04 (flawless) . Loss on time!?} {Predecessor:} Qe8 $146 18. Qxe8 Rfxe8 19. Nc4 Ba6 20. Ne5 Rac8 21. Rdc1 Bd6 22. a3 g5 23. Ng4 Bxf4 24. Rxc8 Rxc8 25. Nxf6+ {½-½ (29) Giri,A (2783)-Ding,L (2813) Wijk aan Zee 2019} 1-0